 Dungeon Crawl Stone Soup version 0.23.2-40-g277498a001 (webtiles) character file.

Game seed: 2624010239891052014

427 MalarOregon the Slasher (level 6, -3/47 HPs)
             Began as a Merfolk Gladiator on Aug 20, 2019.
             Killed by divine providence
             ... invoked by an orc priest
              (9 damage)
             ... on level 4 of the Dungeon.
             The game lasted 00:09:36 (3156 turns).

MalarOregon the Slasher (Merfolk Gladiator)         Turns: 3156, Time: 00:09:37

Health: -3/47      AC:  5    Str: 14    XL:     6   Next: 97%
Magic:  5/6        EV: 14    Int: 10    God:
Gold:   188        SH:  4    Dex: 15    Spells: 4/5 levels left

rFire    . . .     SeeInvis .   a - +1 long sword
rCold    . . .     Gourm    .   t - +0 buckler
rNeg     . . .     Faith    .   b - +0 leather armour
rPois    .         Spirit   .   c - +0 helmet
rElec    .         Reflect  .   (no cloak)
rCorr    .         Harm     .   (no gloves)
MR       .....                  x - +0 pair of boots
Stlth    +.........             (no amulet)
HPRegen  0.15/turn              (no ring)
MPRegen  0.10/turn              (no ring)

@: confusing touch
A: change form in water, swift swim, stealthy swim
a: no special abilities


You were on level 4 of the Dungeon.
You were not hungry.

You visited 1 branch of the dungeon, and saw 4 of its levels.

You collected 188 gold pieces.

Inventory:

Hand Weapons
 a - a +1 long sword (weapon)
Missiles
 d - 3 throwing nets {!f}
 u - 3 tomahawks of dispersal (quivered) {!f}
Armour
 b - a +0 leather armour (worn)
 c - a +0 helmet (worn)
 p - a +0 pair of gloves
   (You found it on level 3 of the Dungeon)
 t - a +0 buckler (worn)
   (You found it on level 1 of the Dungeon)
 x - a +0 pair of boots (worn)
   (You found it on level 3 of the Dungeon)
Jewellery
 i - an uncursed amulet of the acrobat {unknown}
   (You found it on level 1 of the Dungeon)
 j - an uncursed amulet of guardian spirit {unknown}
   (You found it on level 1 of the Dungeon)
 o - an uncursed ring of protection from fire {unknown}
   (You found it on level 1 of the Dungeon)
Wands
 h - a wand of polymorph (9)
   (You found it on level 2 of the Dungeon)
Scrolls
 f - 4 scrolls of identify {unknown}
 l - 4 scrolls of teleportation {unknown}
 q - a scroll of amnesia {unknown}
 s - a scroll of remove curse {unknown}
 y - a scroll of fear {unknown}
 z - a scroll of enchant weapon
Potions
 g - 2 potions of mutation {unknown}
 m - 2 potions of cancellation {unknown}
 n - a potion of agility
 w - 2 potions of degeneration {unknown}
Comestibles
 e - 9 rations {!d}
 k - 7 chunks of flesh


   Skills:
 + Level 3.5 Fighting
 * Level 5.5 Long Blades
 * Level 3.4 Throwing
 + Level 5.3 Dodging
 + Level 2.1 Shields
 + Level 1.3 Hexes


You had 4 spell levels left.
You knew the following spells:

 Your Spells              Type           Power        Failure   Level  Hunger
a - Confusing Touch       Hex            #.....       34%         1    ##.....

Your spell library contained the following spells:

 Spells                   Type           Power        Failure   Level  Hunger
 Animate Skeleton         Necr           N/A          52%         1    ##.....
 Apportation              Tloc           #.....       52%         1    ##.....
 Summon Small Mammal      Summ           #...         52%         1    ##.....


Dungeon Overview and Level Annotations

Branches:
Dungeon (4/15)
 Temple: D:4-7

Altars:
Cheibriados
Hepliaklqana
Sif Muna
Wu Jian
Xom


Message History

Beogh smites you!
Throwing (i - inventory. (/) - cycle)
r - a javelin (quivered)
Aim: an orc priest, wielding a +0 flail (almost dead)
You throw a javelin.
You feel less confused.
The orc priest invokes the aid of Beogh against you.
Something writhes in agony!
Something barely misses you.
Some of the chunks of flesh in your inventory have rotted away.
Your hands begin to glow red.
You barely miss something.
You hear some strange, mumbled words.
A magic dart appears from out of thin air!
The magic dart hits you.
You hit something but do no damage.
The orc priest invokes the aid of Beogh against you.
Beogh smites you!
* * * LOW HITPOINT WARNING * * *
A magic dart appears from out of thin air!
The magic dart hits something.
You hit something but do no damage.
The orc priest calls down the wrath of Beogh upon you.
Something writhes in agony!
Reactivating autopickup.
You feel a bit more experienced.
Deactivating autopickup; reactivate with Ctrl-A.
You barely miss something.
You hear some strange, mumbled words.
A magic dart appears from out of thin air!
The magic dart hits you!
* * * LOW HITPOINT WARNING * * *
Throwing (i - inventory. (/) - cycle)
u - 6 tomahawks of dispersal (quivered)
{!f}
Aim: an orc priest, wielding a +0 flail (severely wounded) Really fire
u - 6 tomahawks of dispersal {!f}?
You throw a tomahawk of dispersal {!f}.
Throwing (i - inventory. (/) - cycle)
u - 5 tomahawks of dispersal (quivered)
{!f}
Aim: an orc priest, wielding a +0 flail (translocational energy, severely wounded) Really fire
u - 5 tomahawks of dispersal {!f}?
You throw a tomahawk of dispersal {!f}.
The tomahawk of dispersal {!f} barely misses the orc priest.
The orc priest looks braver for a moment.
Throwing (i - inventory. (/) - cycle)
u - 4 tomahawks of dispersal (quivered)
{!f}
Aim: an orc priest, wielding a +0 flail (severely wounded) Really fire
u - 4 tomahawks of dispersal {!f}?
You throw a tomahawk of dispersal {!f}.
The tomahawk of dispersal {!f} closely misses the orc priest.
The orc priest completely misses you.
Your hands begin to glow red.
The orc priest mumbles some strange prayers to Beogh against you.
Beogh smites you!
You die...

... ....... . ..%.... ..
.........#....... #. .#
)..##........ ## #.##.#
#..#......... .## #....#
##.#.......... ... ..####..##
#.......o....( ...
÷.)..#÷..###.....(.(.(>.). ...
#))..÷÷........#o#####.... ##.#
.###.........###@# ..... #..#
.......#.....##..# #...#.# #..#
.....#.......##.## ##...#.. #..#
....(.##..[.....####....#..###...
......##...###......).......##.#.
......##.#................#.#..#.
P...(.#..###..##..........#...##.
≈.PPP.....##.............>...###.
≈≈......#.....##.............# #.


You could see an orc priest.

Vanquished Creatures
  A phantom (D:4)
  4 orc wizards
  A hound (D:4)
  3 gnolls (D:3)
  A howler monkey skeleton (D:4)
  6 adders
  A shadow imp (D:4)
  2 worms
  A leopard gecko (D:1)
  13 orcs
  8 bats
  A giant cockroach (D:3)
  6 goblins
  7 hobgoblins
  11 jackals
  2 quokkas (D:3)
  3 ball pythons (D:3)
  8 frilled lizards
  7 kobolds
  12 rats
98 creatures vanquished.

Vanquished Creatures (others)
  An orc wizard (D:4)
1 creature vanquished.

Grand Total: 99 creatures vanquished

Notes
Turn   | Place    | Note
-------+----------+-------------------------------------------
     0 | D:1      | MalarOregon the Merfolk Gladiator began the quest for the
                  | Orb.
     0 | D:1      | Reached XP level 1. HP: 16/16 MP: 1/1
   176 | D:1      | Reached XP level 2. HP: 15/23 MP: 2/2
   786 | D:2      | Reached XP level 3. HP: 20/28 MP: 3/3
   960 | D:2      | Found an ornate altar of the Wu Jian Council.
  1472 | D:3      | Reached XP level 4. HP: 14/34 MP: 4/4
  1680 | D:3      | Reached skill level 1 in Shields
  1835 | D:3      | Reached XP level 5. HP: 35/41 MP: 5/5
  1957 | D:3      | Found a shimmering altar of Xom.
  1958 | D:3      | Found a hazy altar of Hepliaklqana.
  1959 | D:3      | Noticed a spectral ugly thing
  2057 | D:3      | Found a snail-covered altar of Cheibriados.
  2200 | D:3      | Learned a level 1 spell: Confusing Touch
  2250 | D:3      | Found a deep blue altar of Sif Muna.
  2357 | D:4      | Reached skill level 5 in Long Blades
  2357 | D:4      | Reached skill level 5 in Dodging
  2386 | D:4      | Reached XP level 6. HP: 20/47 MP: 4/6
  2914 | D:4      | Noticed a phantom
  2920 | D:4      | Killed a phantom
  2920 | D:4      | Reached skill level 1 in Hexes
  3156 | D:4      | Killed from afar by an orc priest

Skill      XL: |  1  2  3  4  5  6 |
---------------+-------------------+-----
Long Blades    | 4 5 |  5.5
Shields        | 1 2 |  2.1
Fighting       | 3 |  3.5
Dodging        | 5 |  5.3
Throwing       | 3 |  3.4
Hexes          | 1 |  1.3

Action                   |  1- 3 |  4- 6 || total
-------------------------+-------+-------++-------
Melee: Long sword        |   101 |   140 ||   241
Throw: Javelin           |     3 |    47 ||    50
       Tomahawk          |       |     3 ||     3
 Cast: Confusing Touch   |       |     6 ||     6
  Use: Potion            |     4 |     2 ||     6
       Scroll            |     3 |       ||     3
 Stab: Distracted        |     1 |       ||     1
       Sleeping          |     1 |       ||     1
       Confused          |       |     2 ||     2
  Eat: Chunk             |     2 |     6 ||     8
Armor: Leather armour    |    24 |    40 ||    64
Dodge: Dodged            |    84 |   111 ||   195
Block: Buckler           |     7 |    28 ||    35
       Rpst.: Long sword |    30 |    40 ||    70
